General information
- name: BNet
- type: Ladder team game (AT/RT)
- host: Battle.net
- saver: asawdawdad
map: Mur'gulOasis
- players: 8
- length: 17:21
- speed: Fast
- version: 1.26 W3XP
- replay type: Public
» download(116 KB)
Players
team 1 (winner)
kk-rur (
red | 89 APM | 1548 actions | 17:19)
6 Paladin
3 Holy Light
2 Divine Shield
1 Resurrection
» actions
| Assign group hotkey | 32 | |
| Basic commands | 133 | |
| Build / train | 124 | |
| ESC pressed | 1 | |
| Enter build submenu | 19 | |
| Enter hero's abilities submenu | 6 | |
| Give item / drop item | 1 | |
| Right click | 402 | |
| Select / deselect | 199 | |
| Select group hotkey | 488 | |
| Use ability | 143 | |
1548 total
» units
| Peasant | 8 | |
| Footman | 9 | |
| Priest | 2 | |
| Knight | 21 | |
40 total
» upgrades
| Masonry | 3 | |
| Defend | 1 | |
| Lumber Harvesting | 1 | |
| Magic Sentry | 1 | |
| Animal War Training | 2 | |
| Plating | 2 | |
| Swords | 1 | |
| Priest Training | 1 | |
12 total
» buildings
| Altar of Kings | 1 | |
| Farm | 10 | |
| Barracks | 2 | |
| Scout Tower | 3 | |
| Lumber Mill | 1 | |
| Arcane Tower | 10 | |
| Keep | 6 | |
| Arcane Vault | 1 | |
| Guard Tower | 3 | |
| Castle | 3 | |
| Arcane Sanctum | 1 | |
| Blacksmith | 1 | |
42 total
» build order
00:09 Altar of Kings
00:17 Farm
00:22 Barracks
00:41 Scout Tower
01:36 Farm
01:50 Farm
01:59 Lumber Mill
02:01 Arcane Tower
02:01 Arcane Tower
02:01 Arcane Tower
02:02 Arcane Tower
02:11 Scout Tower
02:54 Arcane Tower
02:54 Arcane Tower
02:55 Arcane Tower
02:55 Arcane Tower
04:16 Keep
04:16 Keep
04:16 Keep
04:28 Arcane Vault
05:09 Farm
05:11 Farm
05:15 Scout Tower
05:33 Farm
05:43 Guard Tower
05:44 Guard Tower
05:44 Guard Tower
07:31 Castle
07:31 Castle
07:50 Arcane Sanctum
07:59 Blacksmith
09:23 Barracks
10:08 Farm
10:09 Farm
11:40 Farm
12:20 Farm
» items
| Scroll of Regeneration | 1 | |
| Lesser Clarity Potion | 2 | |
| Rod of Necromancy | 9 | |
| Dust of Appearance | 1 | |
13 total
mixell (
green | 59 APM | 1025 actions | 17:19)
5 Demon Hunter
3 Mana Burn
2 Evasion
4 Keeper of the Grove
2 Entangling Roots
2 Thorns Aura
» actions
| Assign group hotkey | 33 | |
| Basic commands | 1 | |
| Build / train | 45 | |
| Enter build submenu | 12 | |
| Enter hero's abilities submenu | 9 | |
| Remove unit from queue | 2 | |
| Right click | 365 | |
| Select / deselect | 100 | |
| Select group hotkey | 394 | |
| Use ability | 64 | |
1025 total
» units
| Wisp | 12 | |
| Huntress | 4 | |
| Dryad | 1 | |
| Druid of the Claw | 5 | |
22 total
» upgrades
| Reinforced Hides | 2 | |
| Druid of the Claw Training | 2 | |
| Strength of the Wild | 2 | |
| Mark of the Claw | 1 | |
7 total
» buildings
| Altar of Elders | 1 | |
| Moon Well | 6 | |
| Hunter's Hall | 1 | |
| Ancient of War | 1 | |
| Tree of Ages | 1 | |
| Tree of Eternity | 1 | |
| Ancient of Lore | 2 | |
| Ancient of Wonders | 1 | |
14 total
» build order
00:11 Altar of Elders
00:22 Moon Well
01:29 Hunter's Hall
01:46 Ancient of War
01:59 Moon Well
02:46 Tree of Ages
03:29 Moon Well
05:07 Tree of Eternity
05:51 Ancient of Lore
05:52 Ancient of Lore
07:41 Moon Well
08:23 Moon Well
08:27 Ancient of Wonders
10:10 Moon Well
» items
Sumaq.Vorteil (
purple | 47 APM | 809 actions | 17:19)
3 Blademaster
2 Wind Walk
1 Critical Strike
» actions
| Assign group hotkey | 24 | |
| Build / train | 54 | |
| Enter build submenu | 23 | |
| Enter hero's abilities submenu | 3 | |
| Right click | 265 | |
| Select / deselect | 242 | |
| Select group hotkey | 144 | |
| Use ability | 54 | |
809 total
» units
| Peon | 12 | |
| Raider | 3 | |
| Shaman | 7 | |
| Tauren | 9 | |
31 total
» upgrades
| Shaman Training | 2 | |
| Pulverize | 1 | |
| Ensnare | 1 | |
| Melee Weapons | 2 | |
6 total
» buildings
| Altar of Storms | 1 | |
| Orc Burrow | 5 | |
| Voodoo Lounge | 1 | |
| War Mill | 1 | |
| Watch Tower | 2 | |
| Stronghold | 4 | |
| Beastiary | 2 | |
| Spirit Lodge | 2 | |
| Fortress | 1 | |
| Tauren Totem | 2 | |
21 total
» build order
00:04 Altar of Storms
00:07 Orc Burrow
00:53 Voodoo Lounge
01:14 War Mill
02:24 Orc Burrow
02:30 Watch Tower
03:15 Stronghold
03:15 Stronghold
03:15 Stronghold
04:26 Orc Burrow
04:29 Orc Burrow
04:31 Orc Burrow
05:45 Beastiary
05:51 Beastiary
05:55 Spirit Lodge
05:56 Fortress
06:18 Spirit Lodge
07:32 Watch Tower
08:20 Tauren Totem
08:33 Tauren Totem
» items
| Healing Salve | 1 | |
| Lesser Clarity Potion | 1 | |
| Scroll of Speed | 2 | |
| Orb of Lightning | 1 | |
5 total
asawdawdad (
blue | 78 APM | 1346 actions | 17:21)
5 Death Knight
3 Death Coil
2 Unholy Aura
1 Dreadlord
1 Vampiric Aura
» actions
| Assign group hotkey | 32 | |
| Basic commands | 24 | |
| Build / train | 48 | |
| Enter build submenu | 14 | |
| Enter hero's abilities submenu | 7 | |
| Give item / drop item | 1 | |
| Right click | 745 | |
| Select / deselect | 275 | |
| Select group hotkey | 157 | |
| Use ability | 43 | |
1346 total
» units
| Acolyte | 2 | |
| Ghoul | 3 | |
| Crypt Fiend | 12 | |
| Obsidian Statue | 5 | |
22 total
» upgrades
| Creature Attack | 3 | |
| Creature Carapace | 1 | |
| Destroyer Form | 1 | |
| Web | 1 | |
6 total
» buildings
| Altar of Darkness | 1 | |
| Ziggurat | 6 | |
| Crypt | 1 | |
| Graveyard | 1 | |
| Nerubian Tower | 1 | |
| Spirit Tower | 4 | |
| Tomb of Relics | 1 | |
| Halls of the Dead | 1 | |
| Slaughterhouse | 1 | |
| Black Citadel | 1 | |
18 total
» build order
00:07 Altar of Darkness
00:11 Ziggurat
00:35 Crypt
00:59 Graveyard
01:08 Nerubian Tower
01:33 Ziggurat
02:26 Spirit Tower
02:31 Ziggurat
03:20 Tomb of Relics
04:31 Spirit Tower
05:33 Halls of the Dead
06:18 Ziggurat
08:18 Slaughterhouse
08:22 Black Citadel
11:36 Ziggurat
11:57 Ziggurat
13:18 Spirit Tower
13:40 Spirit Tower
» items
| Dust of Appearance | 1 | |
| Potion of Healing | 1 | |
| Boots of Speed | 1 | |
| Staff of Teleportation | 1 | |
| Orb of Corruption | 1 | |
5 total
team 2 (loser)
BloodRush (
teal | 67 APM | 1111 actions | 16:34)
4 Tauren Chieftain
2 War Stomp
2 Endurance Aura
1 Shadow Hunter
1 Healing Wave
» actions
| Assign group hotkey | 50 | |
| Basic commands | 102 | |
| Build / train | 52 | |
| Enter build submenu | 13 | |
| Enter hero's abilities submenu | 5 | |
| Right click | 400 | |
| Select / deselect | 291 | |
| Select group hotkey | 145 | |
| Use ability | 53 | |
1111 total
» units
| Peon | 7 | |
| Grunt | 10 | |
| Troll Headhunter/Berserker | 3 | |
| Raider | 5 | |
| Wind Rider | 2 | |
| Troll Witch Doctor | 2 | |
29 total
» upgrades
| Armor | 1 | |
| Berserker Strength | 1 | |
| Ensnare | 1 | |
| Witch Doctor Training | 2 | |
| Ranged Weapons | 1 | |
6 total
» buildings
| Altar of Storms | 1 | |
| Orc Burrow | 6 | |
| Barracks | 1 | |
| Voodoo Lounge | 1 | |
| Stronghold | 1 | |
| War Mill | 1 | |
| Spirit Lodge | 1 | |
| Beastiary | 1 | |
| Fortress | 1 | |
| Tauren Totem | 1 | |
15 total
» build order
00:09 Altar of Storms
00:21 Orc Burrow
00:50 Barracks
01:29 Orc Burrow
02:01 Orc Burrow
02:33 Voodoo Lounge
04:14 Stronghold
04:47 Orc Burrow
05:46 Orc Burrow
05:49 War Mill
07:11 Spirit Lodge
07:15 Beastiary
09:38 Fortress
10:15 Orc Burrow
15:53 Tauren Totem
» items
| Lesser Clarity Potion | 2 | |
| Healing Salve | 2 | |
| Scroll of Speed | 1 | |
| Scroll of Town Portal | 2 | |
| Potion of Mana | 1 | |
8 total
dr4t3r (
orange | 25 APM | 424 actions | 16:45)
3 Shadow Hunter
2 Healing Wave
1 Hex
» actions
| Build / train | 42 | |
| Enter build submenu | 13 | |
| Enter hero's abilities submenu | 3 | |
| Right click | 176 | |
| Select / deselect | 155 | |
| Use ability | 35 | |
424 total
» units
| Peon | 7 | |
| Grunt | 4 | |
| Troll Headhunter/Berserker | 10 | |
| Shaman | 2 | |
23 total
» upgrades
| Berserker Upgrade | 1 | |
| Ranged Weapons | 2 | |
| Armor | 2 | |
| Troll Regeneration | 1 | |
| Shaman Training | 2 | |
8 total
» buildings
| Altar of Storms | 1 | |
| Orc Burrow | 6 | |
| Barracks | 2 | |
| War Mill | 1 | |
| Voodoo Lounge | 1 | |
| Stronghold | 1 | |
| Fortress | 1 | |
| Spirit Lodge | 1 | |
14 total
» build order
00:28 Altar of Storms
00:40 Orc Burrow
00:56 Barracks
01:26 War Mill
01:47 Orc Burrow
03:16 Voodoo Lounge
04:26 Stronghold
06:11 Orc Burrow
06:50 Fortress
07:42 Orc Burrow
09:53 Spirit Lodge
10:02 Barracks
10:38 Orc Burrow
11:35 Orc Burrow
» items
| Scroll of Speed | 3 | |
| Lesser Clarity Potion | 1 | |
| Scroll of Town Portal | 1 | |
5 total
C.e.LL.o. (
yellow | 26 APM | 432 actions | 16:37)
3 Blademaster
1 Wind Walk
2 Mirror Image
2 Tauren Chieftain
1 War Stomp
1 Endurance Aura
» actions
| Basic commands | 7 | |
| Build / train | 48 | |
| Enter build submenu | 20 | |
| Enter hero's abilities submenu | 5 | |
| Give item / drop item | 2 | |
| Remove unit from queue | 1 | |
| Right click | 94 | |
| Select / deselect | 195 | |
| Use ability | 60 | |
432 total
» units
| Peon | 14 | |
| Shaman | 3 | |
| Troll Witch Doctor | 2 | |
| Tauren | 3 | |
22 total
» upgrades
| Shaman Training | 2 | |
| Witch Doctor Training | 2 | |
| Armor | 2 | |
| Pulverize | 1 | |
| Melee Weapons | 2 | |
9 total
» buildings
| Orc Burrow | 6 | |
| Altar of Storms | 1 | |
| War Mill | 1 | |
| Voodoo Lounge | 1 | |
| Stronghold | 1 | |
| Watch Tower | 4 | |
| Fortress | 1 | |
| Spirit Lodge | 2 | |
| Tauren Totem | 2 | |
19 total
» build order
00:22 Orc Burrow
00:44 Altar of Storms
01:05 War Mill
01:16 Orc Burrow
01:48 Voodoo Lounge
02:08 Orc Burrow
03:03 Orc Burrow
03:14 Stronghold
03:32 Watch Tower
03:38 Watch Tower
04:28 Watch Tower
04:32 Watch Tower
05:36 Fortress
05:42 Spirit Lodge
05:45 Spirit Lodge
07:58 Tauren Totem
08:01 Tauren Totem
11:06 Orc Burrow
11:11 Orc Burrow
» items
| Scroll of Town Portal | 4 | |
| Healing Salve | 1 | |
5 total
meharr2 (
pink | 22 APM | 388 actions | 17:18)
3 Blademaster
2 Critical Strike
1 Wind Walk
» actions
| Build / train | 44 | |
| Enter build submenu | 17 | |
| Enter hero's abilities submenu | 3 | |
| Right click | 96 | |
| Select / deselect | 174 | |
| Use ability | 54 | |
388 total
» units
» upgrades
| Pillage | 1 | |
| Armor | 1 | |
| Melee Weapons | 1 | |
| Spiked Barricades | 1 | |
4 total
» buildings
| Altar of Storms | 1 | |
| War Mill | 2 | |
| Orc Burrow | 5 | |
| Barracks | 1 | |
| Stronghold | 1 | |
| Voodoo Lounge | 1 | |
| Watch Tower | 6 | |
| Fortress | 1 | |
18 total
» build order
00:15 Altar of Storms
00:46 War Mill
00:54 Orc Burrow
01:02 War Mill
01:20 Barracks
02:36 Orc Burrow
06:30 Stronghold
06:43 Voodoo Lounge
07:35 Watch Tower
07:40 Watch Tower
07:44 Watch Tower
07:52 Watch Tower
08:49 Orc Burrow
09:50 Watch Tower
11:05 Watch Tower
11:12 Orc Burrow
14:19 Fortress
14:58 Orc Burrow
Chat log
(00:12 / Allies) kk-rur: gg 4 orcs
(00:13 / Allies) Sumaq.Vorteil: orc
(00:15 / All) asawdawdad: no bm harass please
(00:17 / Allies) Sumaq.Vorteil: haha we win
(00:21 / All) asawdawdad: ^^
(00:21 / Allies) Sumaq.Vorteil: lets go baby
(00:40 / Allies) mixell: 4orc?
(00:43 / Allies) kk-rur: ya
(00:51 / Allies) kk-rur: get prist with scolt
(00:59 / Allies) Sumaq.Vorteil: we got this
(01:07 / Allies) Sumaq.Vorteil: all raices vs 4 orc
(01:20 / Allies) mixell: dh
(01:47 / Allies) Sumaq.Vorteil: get hero that takes out windthing
(04:10 / Allies) kk-rur: lol no unbits
(04:37 / Allies) Sumaq.Vorteil: we shoudl rush
(04:38 / Allies) Sumaq.Vorteil: them
(04:42 / Allies) kk-rur: kk
(04:44 / Allies) Sumaq.Vorteil: checkl bluw
(04:46 / Allies) Sumaq.Vorteil: blue
(04:50 / Allies) asawdawdad: ?
(05:00 / Allies) Sumaq.Vorteil: check is they are teh
(05:04 / Allies) asawdawdad: tp
(05:06 / Allies) Sumaq.Vorteil: TP
(05:09 / Allies) Sumaq.Vorteil: go in
(05:20 / Allies) kk-rur: 1s
(05:21 / Allies) Sumaq.Vorteil: GREEN HELP!
(05:37 / Allies) mixell: 1 sec
(05:39 / Allies) kk-rur: meet all
(05:41 / Allies) kk-rur: in blue
(05:51 / Allies) kk-rur: repair
(07:43 / Allies) kk-rur: gogog
(07:49 / Allies) Sumaq.Vorteil: whos getting AA
(07:55 / Allies) Sumaq.Vorteil: GREEN GO WITHT THEM
(07:56 / Allies) mixell: dryads here
(08:03 / Allies) Sumaq.Vorteil: GREEN!
(08:09 / Allies) mixell: coming
(08:32 / Allies) kk-rur: come all
(08:55 / Allies) Sumaq.Vorteil: lumber please
(09:11 / Allies) kk-rur: u are very sleep
(09:14 / Allies) kk-rur: i out
(09:32 / Allies) Sumaq.Vorteil: i need lumber please
(09:42 / Allies) Sumaq.Vorteil: TY!
(09:54 / Allies) asawdawdad: dryad here
(10:24 / Allies) Sumaq.Vorteil: we need to hit huim again
(10:51 / Allies) asawdawdad: creep the shop
(10:53 / Allies) Sumaq.Vorteil: wait for me
(11:26 / Allies) Sumaq.Vorteil: imk oging noq
(11:31 / Allies) kk-rur: meet all
(12:57 / Allies) Sumaq.Vorteil: GET UNUITS
(12:59 / Allies) Sumaq.Vorteil: FIRST
(13:02 / Allies) Sumaq.Vorteil: OR HEROS
(13:28 / Allies) kk-rur: fuck purple
(13:34 / Allies) Sumaq.Vorteil: imm going to get ywllow
(13:41 / Allies) kk-rur: i see
(13:48 / Allies) Sumaq.Vorteil: i might have to tp here
(14:43 / All) BloodRush: gg
(14:47 / All) asawdawdad: gg orctrash
(15:07 / Allies) kk-rur: green
(15:23 / Allies) kk-rur: gogog
(15:28 / Allies) asawdawdad: 3 units at my base btw, green's
(15:36 / Allies) Sumaq.Vorteil: gold opkease
(15:37 / Allies) Sumaq.Vorteil: please
(16:11 / Allies) kk-rur: hit
(16:11 / Allies) Sumaq.Vorteil: wait
(16:23 / Allies) Sumaq.Vorteil: i was busy
(16:48 / All) asawdawdad: ez
(17:12 / All) kk-rur: gg
(17:14 / All) asawdawdad: gg